 Dungeon Crawl Stone Soup version 0.16-a0-3843-ged98c6c (console) character file.

1975 mauris the Transmogrifier (level 9, -2/64 HPs)
             Began as a Purple Draconian Transmuter on Jan 30, 2015.
             Was a High Priest of Cheibriados.
             Slain by a hippogriff (5 damage)
             ... on level 7 of the Dungeon.
             The game lasted 00:25:32 (7810 turns).

mauris the Transmogrifier (DrTm)                    Turns: 7810, Time: 00:25:32

Health: -2/64      AC:  2    Str: 24    XL:     9   Next: 0%
Magic:  12/15      EV: 20    Int: 32    God:    Cheibriados [*****.]
Gold:   147        SH:  0    Dex: 28    Spells: 3 memorised, 3 levels left

rFire  . . .     SeeInvis .       - Unarmed
rCold  . . .     Clarity  .     (armour unavailable)
rNeg   . . .     SustAb   .     (shield currently unavailable)
rPois  x         Gourm    .     (helmet currently unavailable)
rElec  .         Spirit   .     (cloak currently unavailable)
rCorr  +         Warding  .     (gloves currently unavailable)
rMut   .         Stasis   .     (boots currently unavailable)
MR     +....                    p - amulet of resist corrosion
Stlth  ++........               (no ring)
                                (no ring)

@: brilliant, spider-form, very slow, somewhat resistant to hostile
enchantments, unstealthy
A: (breathe power), unfitting armour, (cold-blooded), AC +7
a: End Transformation, Bend Time, Temporal Distortion, Slouch, Step From Time,
Renounce Religion


You were on level 7 of the Dungeon.
You worshipped Cheibriados.
Cheibriados was extremely pleased with you.
You were hungry.
You were a venomous arachnid creature.
You visited 1 branch of the dungeon, and saw 7 of its levels.

You collected 273 gold pieces.
You spent 126 gold pieces at shops.

Inventory:

Hand weapons
 b - a +0 blowgun {@w1}
Missiles
 i - 5 stones (quivered)
 k - 18 poisoned needles
Jewellery
 p - an amulet of resist corrosion (around neck)
Magical devices
 f - a wand of enslavement (12)
 h - a wand of slowing (32)
 l - a wand of lightning (5)
 y - a wand of draining (2)
Scrolls
 c - 4 scrolls of remove curse
 g - a scroll of enchant armour {unknown}
 j - a scroll of magic mapping {unknown}
 s - a scroll of acquirement {unknown}
 t - a scroll of enchant weapon {unknown}
 v - a scroll of fog {unknown}
 w - a scroll of random uselessness {unknown}
 x - 2 scrolls of identify {@r1}
Potions
 e - 6 potions of restore abilities
 m - a potion of cancellation {unknown}
 n - 2 potions of brilliance
 q - a potion of resistance
 r - 2 potions of flight {unknown}
 u - a potion of ambrosia {unknown}
Books
 d - a book of Changes

   Spells                             Type                      Level
   a - Beastly Appendage              Transmutation                1
   b - Sticks to Snakes               Transmutation                2
   c - Spider Form                    Transmutation/Poison         3
   d - Ice Form                       Ice/Transmutation            4
   e - Blade Hands                    Transmutation                5
Comestibles
 a - a bread ration
 o - a royal jelly
 z - 2 meat rations
 A - 4 chunks of flesh


   Skills:
 - Level 1.1 Fighting
 - Level 1.7 Dodging
 - Level 5.6 Unarmed Combat
 - Level 2.4 Spellcasting
 + Level 10.3 Transmutations
 - Level 3.0 Poison Magic


You had 3 spell levels left.
You knew the following spells:

 Your Spells              Type           Power        Failure   Level  Hunger
a - Beastly Appendage     Trmt           ######       1%          1    None
b - Spider Form           Trmt/Pois      ######....   1%          3    ###....
c - Blade Hands           Trmt           ######....   1%          5    ######.


Dungeon Overview and Level Annotations

Branches:
Dungeon (7/15)             Temple (0/1) D:4

Altars:
Cheibriados
Dithmenos
Fedhas
Okawaru
Vehumet
Xom

Shops:
D:7 [


Innate Abilities, Weirdness & Mutations

((You can breathe bolts of energy.))
((You can dispel enchantments when you breathe energy.))
((Your rich purple scales are hard (AC +7).))
Your body does not fit into most forms of armour.
((Your cold-blooded metabolism reacts poorly to cold.))


Message History

Cheibriados thoroughly appreciates the change of pace.
You have reached level 9!
Your experience leads to an increase in your attributes!
Your base attributes are Str 13, Int 15, Dex 12.
Increase (S)trength, (I)ntelligence, or (D)exterity?
You feel clever.
Your scales feel tougher.
The hippogriff closely misses you. x2
The hippogriff barely misses you.
You hit the hippogriff.
The hippogriff is poisoned.
The hippogriff is lightly wounded.
The hippogriff closely misses you. The hippogriff pecks you.
* * * LOW HITPOINT WARNING * * *
The hippogriff misses you.
Huge Dmg: -8%(-5hp) hp: 5%(3hp) Drink which item? (? for menu, Esc to quit)
It was a potion of brilliance.
You feel clever all of a sudden. The hippogriff barely misses you.
The hippogriff completely misses you. The hippogriff claws you.
You die...

#.............#
#.............#
#.............#
###.......$...#
#...........#
#.......(=..#
#...........#
#........)..#
#...?...sH..#
#...........#
###+###......).
######
#........
......
.........
###### .....)..
......[.
....... ...


You could see a hippogriff.

Vanquished Creatures
  Grinder (D:3)
  A phantom (D:6)
  3 ogres
  3 sky beasts (D:7)
  An ice beast (D:5)
  3 centaurs
  Sigmund (D:7)
  A giant frog (D:5)
  2 crimson imps
  A hound (D:4)
  An orc priest (D:6)
  A centaur skeleton (D:5)
  An iguana (D:6)
  4 orc wizards
  2 worker ants
  Natasha (twice) (D:3)
  A hound skeleton (D:4)
  Terence (D:3)
  A worker ant zombie (D:5)
  Robin (D:3)
  5 gnolls
  9 adders
  3 giant mites
  2 worms
  2 giant geckos
  16 orcs
  17 bats
  A bat skeleton (D:6)
  A bat zombie (D:5)
  5 giant cockroaches
  19 hobgoblins
  9 jackals
  15 kobolds
  2 quokkas
  2 ball pythons
  A giant gecko skeleton (D:5)
  5 giant newts
  A giant spore (D:7)
  22 goblins
  7 rats
  2 ballistomycetes
178 creatures vanquished.

Vanquished Creatures (others)
  A bat (D:7)
  A giant spore (D:6)
2 creatures vanquished.

Grand Total: 180 creatures vanquished

Notes
Turn   | Place    | Note
--------------------------------------------------------------
     0 | D:1      | mauris, the Draconian Transmuter, began the quest for the Orb.
     0 | D:1      | Reached XP level 1. HP: 16/16 MP: 3/3
   187 | D:1      | Reached XP level 2. HP: 20/23 MP: 2/4
   267 | D:1      | Huge Dmg: 2 Dmg
   517 | D:1      | Huge Dmg: 5 Dmg
   519 | D:1      | Huge Dmg: 4 Dmg
   523 | D:1      | Reached XP level 3. HP: 14/28 MP: 3/6
   557 | D:1      | Learned a level 3 spell: Spider Form
   930 | D:1      | Reached skill level 4 in Transmutations
  1001 | D:2      | Found a snail-covered altar of Cheibriados.
  1012 | D:2      | Huge Dmg: 7 Dmg
  1012 | D:2      | Reached XP level 4. HP: 17/35 MP: 1/7
  1021 | D:2      | Became a worshipper of Cheibriados the Contemplative
  1483 | D:2      | Huge Dmg: 12 Dmg
  1704 | D:2      | Reached skill level 1 in Poison Magic
  1807 | D:2      | hi drop corpses
  1872 | D:2      | Reached XP level 5. HP: 37/40 MP: 1/9
  2503 | D:3      | Noticed Robin
  2509 | D:3      | Killed Robin
  2949 | D:3      | Noticed Terence
  2960 | D:3      | Killed Terence
  3022 | D:3      | Noticed Natasha
  3030 | D:3      | Killed Natasha
  3030 | D:3      | Reached XP level 6. HP: 38/47 MP: 6/10
  3334 | D:3      | Noticed Grinder
  3346 | D:3      | Huge Dmg: 9 Dmg
  3364 | D:3      | Killed Grinder
  3364 | D:3      | Reached skill level 5 in Unarmed Combat
  3372 | D:3      | Learned a level 5 spell: Blade Hands
  3636 | D:3      | Noticed Natasha
  3648 | D:3      | Killed Natasha
  3738 | D:4      | Your scales start taking on a rich purple colour.
  3738 | D:4      | Reached XP level 7. HP: 52/52 MP: 10/12
  3756 | D:4      | Reached skill level 5 in Transmutations
  3859 | D:4      | Found a shadowy altar of Dithmenos.
  3880 | D:4      | Found a staircase to the Ecumenical Temple.
  3924 | D:4      | Acquired Cheibriados' first power
  4463 | D:4      | Huge Dmg: 12 Dmg
  4563 | D:4      | Found a blossoming altar of Fedhas.
  4564 | D:4      | Found a radiant altar of Vehumet.
  4902 | D:4      | Reached skill level 6 in Transmutations
  4949 | D:5      | Entered Level 5 of the Dungeon
  5289 | D:5      | Found a blossoming altar of Fedhas.
  5310 | D:5      | Acquired Cheibriados' second power
  5509 | D:5      | Reached skill level 7 in Transmutations
  5564 | D:5      | Huge Dmg: 10 Dmg
  5569 | D:5      | Reached XP level 8. HP: 30/59 MP: 8/14
  5828 | D:5      | Found an iron altar of Okawaru.
  6274 | D:6      | Huge Dmg: 18 Dmg
  6411 | D:6      | Reached skill level 8 in Transmutations
  6582 | D:6      | ok you cant poison a phantom
  6694 | D:6      | Found a shimmering altar of Xom.
  6805 | D:6      | nice gamble
  6806 | D:6      | Huge Dmg: 14 Dmg
  6807 | D:6      | Huge Dmg: 14 Dmg
  7075 | D:6      | Reached skill level 9 in Transmutations
  7252 | D:7      | Found Ybbiqael's Antique Armour Shop.
  7256 | D:7      | Bought a pair of embroidered boots for 126 gold pieces
  7261 | D:7      | Identified a +1 pair of boots of running (You bought it in a shop on level 7 of the Dungeon)
  7291 | D:7      | Huge Dmg: 8 Dmg
  7294 | D:7      | Huge Dmg: 6 Dmg
  7294 | D:7      | Reached skill level 10 in Transmutations
  7575 | D:7      | Noticed Sigmund
  7581 | D:7      | Killed Sigmund
  7613 | D:7      | Acquired Cheibriados' third power
  7619 | D:7      | Huge Dmg: 12 Dmg
  7621 | D:7      | Huge Dmg: 12 Dmg
  7806 | D:7      | Huge Dmg: 12 Dmg
  7807 | D:7      | Huge Dmg: 13 Dmg
  7808 | D:7      | Huge Dmg: 6 Dmg
  7808 | D:7      | Reached XP level 9. HP: 8/64 MP: 11/15
  7809 | D:7      | HP: 3/64 [hippogriff (5)]
  7810 | D:7      | Huge Dmg: 5 Dmg
  7810 | D:7      | Slain by a hippogriff

Action                   |  1- 3 |  4- 6 |  7- 9 || total
-------------------------+-------+-------+-------++-------
Melee: Unarmed           |   117 |   253 |   282 ||   652
 Fire: Blowgun           |       |     7 |     1 ||     8
 Cast: Beastly Appendage |    10 |    14 |     7 ||    31
       Spider Form       |     1 |     5 |     8 ||    14
       Blade Hands       |       |       |     4 ||     4
Invok: Bend Time         |       |       |     1 ||     1
       Temporal Distorti |       |       |     2 ||     2
Evoke: Wand              |       |     3 |     1 ||     4
  Use: Scroll            |       |     3 |     1 ||     4
       Potion            |       |     1 |     1 ||     2
 Stab: Sleeping          |       |     2 |     2 ||     4
  Eat: Chunk             |     1 |     4 |    11 ||    16
       Bread ration      |       |     1 |       ||     1

Vault maps used:
D:1:      minmay_arrival_diagonal_passages, minmay_vboxes
D:2:      cheibriados_altar_wand_db, first_bread
D:3:      uniq_natasha, uniq_robin, uniq_grinder, uniq_terence
D:4:      nicolae_overflow_hidden_temple, grunt_dithmenos_smoke,
          minmay_temple_entry_water_ring
D:5:      lemuel_round_altar, roderic_serpentine_path, fedhas_altar_3
D:6:      xom_butterflies
D:7:      serial_shops, shop, uniq_sigmund
